AoeStats
← Irving Legend

Fortress

507058981Analyzed
2v2 RM · 17d ago on Sep 16, 2026· 44m 29s· 4 players
Game mode
Random Map
Map size
Normal (6 player)
Population
200
Speed
Normal
Resources
Standard
Victory
Conquest
Starting age
Dark Age
Ending age
Imperial Age
RankedLock teamsTeams togetherTeam positionsShared explorationLock speedFull tech treeHidden civsTurbo modeCheats
Victory
Defeat
🇪🇸 Celts · Spain
1180
+15
🇷🇺 Bulgarians · Russia
1130
+16
🇨🇴 Bohemians · Colombia
1156
-16
🇨🇦 Italians · Canada
1141
-15
Thousk_
7:31 Feudal Age
11:45 Castle Age
9:54 Double-Bit Axe
10:03 Horse Collar
14:21 Loom
15:33 Bow Saw
33:16 Imperial Age
33:04 Chemistry
38:24 Fletching
38:35 Padded Archer Armor
39:06 Crossbowman
39:46 Bodkin Arrow
Irving Legend
7:24 Feudal Age
11:36 Castle Age
10:11 Double-Bit Axe
10:07 Horse Collar
10:23 Gold Mining
13:32 Bow Saw
13:12 Loom
13:39 Town Watch
15:53 Fletching
20:04 Ballistics
29:39 Redemption
32:31 Padded Archer Armor
36:37 Imperial Age
36:10 Leather Archer Armor
36:02 Bodkin Arrow
37:02 Masonry
37:54 Conscription
38:32 Bracer
39:23 Thumb Ring
41:48 Chemistry
41:18 Architecture
42:19 Ring Archer Armor
42:30 Scale Barding Armor
ERRATI
8:02 Feudal Age
7:50 Loom
8:57 Horse Collar
14:19 Castle Age
12:58 Double-Bit Axe
15:21 Forging
15:12 Scale Mail Armor
16:23 Chain Mail Armor
16:05 Gold Mining
17:46 Man-at-Arms
18:42 Gambesons
18:54 Long Swordsman
25:32 Heavy Plow
27:55 Wheelbarrow
30:25 Imperial Age
28:31 Town Watch
29:21 Bow Saw
29:50 Arson
30:55 Two-Handed Swordsman
32:08 Plate Mail Armor
32:07 Hand Cart
32:00 Capped Ram
33:34 Town Patrol
39:29 Siege Ram
43:49 Iron Casting
43:18 Elite Woad Raider
45:00 Blast Furnace
MaLaya.
8:30 Feudal Age
14:03 Castle Age
12:42 Double-Bit Axe
13:26 Gold Mining
19:51 Forging
19:47 Scale Barding Armor
26:41 Iron Casting
26:27 Chain Barding Armor
32:36 Fletching
34:04 Gold Shaft Mining
40:17 Imperial Age
40:47 Bodkin Arrow
Connection lost

Rejoining the realm…

Still unreachable

The connection could not be restored.

Session expired

The server has moved on; the page needs a fresh start.